 Dungeon Crawl Stone Soup version 0.22.0 (webtiles) character file.

3369 BigChef the Slasher (level 9, -2/69 HPs)
             Began as a Demonspawn Chaos Knight on Sept 3, 2018.
             Killed from afar by a gargoyle (17 damage)
             ... with a stone arrow
             ... on level 9 of the Dungeon.
             The game lasted 00:17:58 (8669 turns).

BigChef the Slasher (Demonspawn Chaos Knight)       Turns: 8669, Time: 00:18:13

Health: -2/69      AC: 15    Str: 17    XL:     9   Next: 73%
Magic:  9/9        EV:  3    Int: 15    God:    Xom [*.....]
Gold:   586        SH: 10    Dex: 12    Spells: 8/8 levels left

rFire    + . .     SeeInvis .   a - +0 falchion (chaos)
rCold    + + .     Gourm    .   t - +1 shield
rNeg     . . .     Faith    .   x - +0 plate armour
rPois    .         Spirit   .   (helmet restricted)
rElec    .         Reflect  .   (no cloak)
rCorr    .         Harm     .   (no gloves)
MR       .....                  (no boots)
Stlth    ..........             (no amulet)
HPRegen  0.61/turn              g - ring of protection from cold
MPRegen  0.11/turn              i - ring of protection from cold

@: cleaving
A: antennae 2, talons 1, fire resistance 1, nightstalker 1, regeneration 1,
shaggy fur 2, strong 1, wild magic 1, evolution 1, MP-powered wands
a: Renounce Religion


You were on level 9 of the Dungeon.
You worshipped Xom.
You were a special plaything of Xom.
You were hungry.

You visited 2 branches of the dungeon, and saw 10 of its levels.

You collected 586 gold pieces.

Inventory:

Hand Weapons
 a - a +0 falchion of chaos (weapon)
Armour
 b - a +2 leather armour
 d - a +0 ring mail
 t - a +1 shield (worn)
 w - the +1 robe of Vyfy {rPois rC- Dex+2}
   (You found it on level 4 of the Dungeon)

   It affects your dexterity (+2).
   It makes you vulnerable to cold.
   It protects you from poison.
 x - a +0 plate armour (worn)
 A - a +0 pair of gloves
Jewellery
 g - a ring of protection from cold (left hand)
 i - a ring of protection from cold (right hand)
Wands
 e - a wand of disintegration (3)
 k - a wand of random effects (25)
 s - a wand of clouds (6)
 v - a wand of paralysis (12)
 y - a wand of flame (39)
Scrolls
 h - 4 scrolls of remove curse
 l - 6 scrolls of identify
 n - a scroll of blinking
 p - 2 scrolls of enchant weapon {unknown}
 q - 4 scrolls of immolation
 r - 2 scrolls of fear {unknown}
 u - 3 scrolls of teleportation
 B - a scroll of noise {unknown}
 C - 2 scrolls of fog
Potions
 f - 2 potions of flight
 j - a potion of brilliance
 o - a potion of degeneration
 z - 3 potions of curing
Comestibles
 c - 7 rations


   Skills:
 + Level 5.6 Fighting
 + Level 7.7 Long Blades
 + Level 6.8 Armour
 - Level 0.8 Dodging
 + Level 4.8 Stealth
 + Level 4.7 Shields


You had 8 spell levels left.
You didn't know any spells.
Your spell library was empty.

Dungeon Overview and Level Annotations

Branches:
Dungeon (9/15)             Temple (1/1) D:4
   Lair: D:8-11         Orc: D:9-12

Altars:
Ashenzari
Cheibriados
Dithmenos
Elyvilon
Fedhas
Gozag
Hepliaklqana
Kikubaaqudgha
Makhleb
Nemelex Xobeh
Okawaru
Qazlal
Ru
Sif Muna
Trog
Uskayaw
Vehumet
Wu Jian
Xom
Yredelemnul
Zin
The Shining One

Shops:
D:5 %   D:9 ::

Annotations:
D:5 1 runed door


Innate Abilities, Weirdness & Mutations

You have a pair of antennae on your head.
You are slightly more attuned to the shadows.
You have sharp toenails.
Your flesh is heat resistant. (rF+)
Your natural rate of healing is unusually fast.
You are covered in thick fur. (AC +2)
Your muscles are strong. (Str +2)
Your spells are a little harder to cast, but a little more powerful.
You evolve.
You expend magic power (3 MP) to strengthen your wands.


Message History

You block the gargoyle's attack.
You hit the gargoyle but do no damage.
The gargoyle is almost destroyed. "Hum-dee-hum-dee-hum..."
The gargoyle suddenly seems more resistant.
The gargoyle is no longer moving slowly.
The gargoyle hurls a stone arrow at you.
You block the stone arrow.
You hit the gargoyle but do no damage.
You claw the gargoyle, but do no damage.
The gargoyle is almost destroyed.
The gargoyle hits you with a flail!
* * * LOW HITPOINT WARNING * * *
You hit the gargoyle but do no damage.
You claw the gargoyle, but do no damage.
The gargoyle is severely damaged.
The gargoyle hurls a stone arrow at you.
The stone arrow hits you!
You die...
Xom laughs nastily!

...... ..........#.##.#
....#. ...........##.##.#
...## #
#..........).....# ...#
.. #...#......#..#..##
...###
##.####...#.##.####.....#
..... h....>......##.#
#.....## ...##
###..W......##.# #......#
...### .........9".##.#
######..
..........#.....@..##<#
##. ..#......
#........#.(# #.
..........#........#.##
#. .......##../.......#.#
#. .......####......†.#)#
#. ......# #........).#
## ......# #.$......###
......# ##########
......#


You could see a phantom and a gargoyle.

Vanquished Creatures
  Sigmund (D:3)
  A hungry ghost (D:8)
  A wyvern (D:9)
  An orc warrior (D:9)
  A black bear (D:4)
  2 ice beasts
  2 ogres (D:9)
  2 phantoms
  A tengu (D:7)
  3 centaurs
  4 bullfrogs
  A water moccasin zombie (D:7)
  3 scorpions
  3 wights (D:9)
  A howler monkey (D:8)
  A quasit (D:6)
  A crimson imp (D:9)
  2 centaur zombies
  4 orc priests
  2 centaur skeletons
  4 hounds
  6 orc wizards
  A bullfrog skeleton (D:9)
  Jessica (D:3)
  Natasha (D:3)
  9 worker ants
  Terence (D:2)
  A hound zombie (D:7)
  A hound skeleton (D:9)
  A worker ant zombie (D:5)
  A howler monkey zombie (D:5)
  5 gnolls
  5 adders
  A white imp (D:9)
  2 oozes (D:1)
  3 worms
  A dart slug (D:1)
  5 leopard geckos
  27 orcs
  2 ball pythons
  4 bats
  8 giant cockroaches
  10 goblins
  7 hobgoblins
  10 jackals
  4 quokkas
  6 frilled lizards
  A jackal skeleton (D:6)
  8 kobolds
  2 leopard gecko skeletons
  A leopard gecko zombie (D:5)
  A quokka skeleton (D:7)
  9 rats
186 creatures vanquished.

Vanquished Creatures (collateral kills)
  A centaur (D:7)
  A bullfrog skeleton (D:3)
  Natasha (D:3)
  An iguana (D:4)
  An adder (D:3)
  4 orcs
  A bat (D:3)
  A goblin (D:3)
11 creatures vanquished.

Vanquished Creatures (others)
  A worm (D:5)
  A quokka (D:5)
2 creatures vanquished.

Grand Total: 199 creatures vanquished

Notes
Turn   | Place    | Note
-------+----------+-------------------------------------------
     0 | D:1      | BigChef the Demonspawn Chaos Knight began the quest for the Orb.
     0 | D:1      | Reached XP level 1. HP: 18/18 MP: 1/1
    11 | D:1      | Reached skill level 3 in Long Blades
   202 | D:1      | XOM: silly message
   225 | D:1      | Gained mutation: You are slightly more attuned to the shadows. [demonic ancestry]
   225 | D:1      | Reached XP level 2. HP: 24/24 MP: 2/2
   308 | D:1      | XOM: potion effect (brilliance)
   376 | D:1      | XOM: harmless Pois miscast
   547 | D:1      | Reached XP level 3. HP: 29/29 MP: 3/3
   555 | D:1      | XOM: 2-stop teleportation journey
   589 | D:1      | XOM: medium Summ miscast
   590 | D:1      | Noticed a red devil
   804 | D:2      | Found a faded altar of an unknown god.
  1027 | D:2      | XOM: scenery: 1 doors close
  1085 | D:2      | Found a sparkling altar of Nemelex Xobeh.
  1195 | D:2      | XOM: fog
  1205 | D:2      | Reached skill level 1 in Stealth
  1207 | D:2      | Reached XP level 4. HP: 35/35 MP: 4/4
  1620 | D:2      | Noticed Terence
  1634 | D:2      | Killed Terence
  1677 | D:2      | Reached skill level 4 in Long Blades
  1695 | D:2      | XOM: 2-stop teleportation journey
  2000 | D:2      | XOM: give mutations
  2000 | D:2      | Gained mutation: You have sharp toenails. [Xom's grace]
  2000 | D:2      | Gained mutation: You evolve. [Xom's grace]
  2000 | D:2      | Gained mutation: Your muscles are strong. (Str +2) [Xom's grace]
  2061 | D:2      | XOM: harmless Tmut miscast
  2160 | D:2      | XOM: god gift: ration
  2415 | D:3      | Gained mutation: You have a pair of small antennae on your head. [demonic ancestry]
  2415 | D:3      | Reached XP level 5. HP: 41/41 MP: 5/5
  2513 | D:3      | Noticed Sigmund
  2529 | D:3      | XOM: divination: magic mapping
  2679 | D:2      | XOM: god gift: 6 rations
  2707 | D:3      | Noticed Natasha
  2718 | D:3      | Killed Natasha
  2719 | D:3      | XOM: destruction
  2998 | D:3      | XOM: give mutations
  2998 | D:3      | Gained mutation: You occasionally shout uncontrollably at your foes. [Xom's mischief]
  2998 | D:3      | Gained mutation: Your muscles are very strong. (Str +4) [Xom's mischief]
  3052 | D:3      | Lost mutation: You occasionally shout uncontrollably at your foes. [potion of mutation]
  3052 | D:3      | Lost mutation: Your muscles are very strong. (Str +4) [potion of mutation]
  3052 | D:3      | Gained mutation: You expend magic power (3 MP) to strengthen your wands. [potion of mutation]
  3052 | D:3      | Gained mutation: Your natural rate of healing is unusually fast. [potion of mutation]
  3058 | D:3      | Killed Sigmund
  3058 | D:3      | Reached XP level 6. HP: 15/48 MP: 6/6
  3225 | D:3      | Noticed Natasha
  3233 | D:3      | XOM: smoke on damage
  3240 | D:3      | Killed Natasha
  3523 | D:3      | Noticed Jessica
  3523 | D:3      | XOM: god gift: wand of random effects (25)
  3524 | D:3      | XOM: potion effect (agility)
  3527 | D:3      | Killed Jessica
  3616 | D:4      | Found a staircase to the Ecumenical Temple.
  3623 | Temple   | Entered the Ecumenical Temple
  3857 | D:4      | Found a shattered altar of Ashenzari.
  3857 | D:4      | Found a blossoming altar of Fedhas.
  3857 | D:4      | Found a hide-covered altar of Uskayaw.
  3857 | D:4      | Found a deep blue altar of Sif Muna.
  4048 | D:4      | Found a shattered altar of Ashenzari.
  4069 | D:4      | Got a fine robe
  4191 | D:4      | XOM: cast spell 'Summon Hydra'
  4273 | D:4      | Reached XP level 7. HP: 37/54 MP: 7/7
  4424 | D:4      | Gained mutation: You have a pair of antennae on your head. [evolution]
  4472 | D:4      | Identified the +1 robe of Vyfy {rPois rC- Dex+2} (You found it on level 4 of the Dungeon)
  4512 | D:5      | Entered Level 5 of the Dungeon
  4681 | D:5      | Found a white marble altar of Elyvilon.
  4765 | D:5      | Found Qunyut's Food Boutique.
  4936 | D:5      | XOM: give mutations
  4936 | D:5      | Gained mutation: You are covered in fur. (AC +1) [Xom's grace]
  4936 | D:5      | Gained mutation: Your flesh is heat resistant. (rF+) [Xom's grace]
  4936 | D:5      | Gained mutation: You are covered in thick fur. (AC +2) [Xom's grace]
  4936 | D:5      | Gained mutation: Your spells are a little harder to cast, but a little more powerful. [Xom's grace]
  5037 | D:5      | You fall through a shaft for 3 floors!
  5086 | D:8      | Reached skill level 5 in Long Blades
  5270 | D:8      | XOM: scenery: create altars
  5328 | D:8      | XOM: 7-stop teleportation journey
  5329 | D:8      | Noticed a hungry ghost
  5333 | D:8      | XOM: scenery: create altars
  5336 | D:8      | Reached skill level 1 in Shields
  5351 | D:8      | XOM: blink monster(s)
  5376 | D:8      | Paralysed by fainting for 8 turns
  5394 | D:8      | Killed a hungry ghost
  5394 | D:8      | Reached skill level 5 in Armour
  5426 | D:8      | Found an ancient bone altar of Kikubaaqudgha.
  5482 | D:8      | XOM: harmless Air miscast
  5533 | D:8      | Found a stormy altar of Qazlal.
  5636 | D:7      | XOM: mild Air miscast
  5639 | D:7      | Mutation became permanent: You have a pair of small antennae on your head. [demonic ancestry]
  5639 | D:7      | Gained mutation: You have a pair of antennae on your head. [demonic ancestry]
  5639 | D:7      | Reached XP level 8. HP: 42/61 MP: 8/8
  5675 | D:7      | XOM: harmless Necr miscast
  5688 | D:7      | XOM: harmless Erth miscast
  5723 | D:7      | Found a glowing silver altar of Zin.
  5759 | D:7      | Found a stormy altar of Qazlal.
  5782 | D:7      | XOM: cast spell 'Monstrous Menagerie'
  5899 | D:7      | XOM: harmless Hex miscast
  5957 | D:7      | Found a shadowy altar of Dithmenos.
  5980 | D:7      | XOM: mild Air miscast
  6129 | D:7      | XOM: potion effect (berserk rage)
  6131 | D:7      | Reached skill level 5 in Fighting
  6131 | D:7      | Reached skill level 6 in Long Blades
  6453 | D:6      | Found a sparkling altar of Nemelex Xobeh.
  6561 | D:6      | XOM: divination: detect creatures
  6599 | D:6      | XOM: divination: detect items
  6622 | D:6      | XOM: potion effect (might)
  7082 | D:5      | Found a runed door.
  7124 | D:5      | Reached XP level 9. HP: 59/68 MP: 9/9
  7168 | D:5      | XOM: harmless Conj miscast
  7183 | D:5      | Found a sacrificial altar of Ru.
  7237 | D:5      | Found a runed door.
  7394 | D:5      | Found a burning altar of Makhleb.
  7886 | D:5      | XOM: enchant monster (good)
  7915 | D:5      | XOM: cast spell 'Dispersal'
  7935 | D:5      | XOM: mild Fire miscast
  8088 | D:5      | XOM: divination: detect items
  8224 | D:9      | Found an iron altar of Okawaru.
  8224 | D:9      | XOM: 7-stop teleportation journey
  8249 | D:9      | Found Ryhawiast's Book Boutique.
  8280 | D:9      | Reached skill level 7 in Long Blades
  8292 | D:9      | XOM: harmless Pois miscast
  8311 | D:9      | XOM: enchant monster (bad)
  8313 | D:9      | XOM: enchant monster (good)
  8346 | D:9      | XOM: mild Erth miscast
  8347 | D:9      | XOM: polymorph orc priest -> worker ant
  8372 | D:9      | XOM: confusion (+ monsters)
  8375 | D:9      | XOM: blink monster(s)
  8431 | D:9      | Found Joucoucs's Book Shoppe.
  8455 | D:9      | XOM: noise
  8458 | D:9      | XOM: medium Tloc miscast
  8467 | D:9      | XOM: polymorph crimson imp -> white imp
  8472 | D:9      | XOM: cast spell 'Summon Ice Beast'
  8644 | D:9      | Noticed a gargoyle
  8650 | D:9      | XOM: divination: detect items
  8658 | D:9      | XOM: cleaving
  8667 | D:9      | XOM: enchant monster (bad)
  8669 | D:9      | Killed from afar by a gargoyle

Skill      XL: |  1  2  3  4  5  6  7  8  9 |
---------------+----------------------------+-----
Long Blades    | 3 4 5 6 7 |  7.7
Armour         | 2 3 4 5 6 |  6.8
Stealth        | 1 2 3 4 |  4.8
Fighting       | 4 5 |  5.6
Shields        | 1 3 4 |  4.7
Dodging        | |  0.8

Action                   |  1- 3 |  4- 6 |  7- 9 || total
-------------------------+-------+-------+-------++-------
Melee: Falchion          |   107 |   160 |   631 ||   898
       Kick              |       |    28 |   193 ||   221
  Use: Potion            |     3 |     4 |     5 ||    12
       Scroll            |     2 |     2 |     8 ||    12
 Stab: Sleeping          |     4 |     8 |     1 ||    13
       Invisible         |     3 |       |       ||     3
       Petrified         |     3 |       |       ||     3
       Distracted        |     1 |       |       ||     1
       Paralysed         |       |     4 |    15 ||    19
  Eat: Chunk             |     1 |     4 |     5 ||    10
       Ration            |       |     2 |    10 ||    12
Armor: Ring mail         |    22 |    42 |     1 ||    65
       Leather armour    |     1 |       |       ||     1
       Plate armour      |       |       |   416 ||   416
Dodge: Dodged            |    44 |    66 |    80 ||   190
Block: Shield            |       |     2 |   304 ||   306
       Rpst.: Falchion   |     9 |    21 |    25 ||    55
